 Dungeon Crawl Stone Soup version 0.22-a0-782-g038298e (webtiles) character file.

905 poirepourri the Slinger (level 8, -2/49 HPs)
             Began as a Halfling Hunter on July 19, 2018.
             Slain by a gnoll
             ... wielding a +0 spear
              (10 damage)
             ... on level 5 of the Dungeon.
             The game lasted 00:06:46 (4267 turns).

poirepourri the Slinger (Halfling Hunter)           Turns: 4267, Time: 00:06:46

Health: -2/49      AC: 15    Str: 13    XL:     8   Next: 29%
Magic:  8/8        EV: 14    Int:  9    God:
Gold:   212        SH:  0    Dex: 17    Spells: 7/7 levels left

rFire    . . .     SeeInvis .   b - +2 short sword (protect)
rCold    . . .     Gourm    .   (shield restricted)
rNeg     . . .     Faith    .   c - +0 leather armour
rPois    .         Spirit   .   (no helmet)
rElec    .         Reflect  .   e - +2 cloak
rCorr    .         Harm     .   m - +1 pair of gloves
MR       .....                  (no boots)
Stlth    ++........             (no amulet)
HPRegen  0.16/turn              (no ring)
MPRegen  0.11/turn              (no ring)

@: protection aura
A: small, mutation resistance 1
a: no special abilities


You were on level 5 of the Dungeon.
You were not hungry.

You visited 2 branches of the dungeon, and saw 6 of its levels.

You collected 212 gold pieces.

Inventory:

Hand Weapons
 a - a +2 hunting sling
 b - a +2 short sword of protection (weapon)
Missiles
 d - 12 sling bullets
 j - 103 stones (quivered)
Armour
 c - a +0 leather armour (worn)
 e - a +2 cloak (worn)
 m - a +1 pair of gloves (worn)
Jewellery
 n - an uncursed ring of magical power {unknown}
Wands
 u - a wand of polymorph (4)
Scrolls
 k - 2 scrolls of remove curse
 l - a scroll of identify
 o - a scroll of teleportation
 p - a scroll of enchant armour
Potions
 f - 3 potions of curing
 g - 2 potions of agility
 h - a potion of brilliance {unknown}
 i - 2 potions of heal wounds
 q - 2 potions of lignification {unknown}
 w - 2 potions of resistance
Comestibles
 v - 3 rations


   Skills:
 - Level 1.7 Fighting
 + Level 13.4 Slings
 - Level 2.1 Dodging
 - Level 1.1 Stealth


You had 7 spell levels left.
You didn't know any spells.
Your spell library was empty.

Dungeon Overview and Level Annotations

Branches:
Dungeon (5/15)             Temple (1/1) D:5

Altars:
Ashenzari
Dithmenos
Elyvilon
Fedhas
Gozag
Hepliaklqana
Kikubaaqudgha
Makhleb
Nemelex Xobeh
Okawaru
Ru
Sif Muna
Trog
Uskayaw
Vehumet
Wu Jian
Xom
Yredelemnul
Zin
The Shining One

Annotations:
D:4 1 runed door, Daviar's ghost, amateur HaFi


Innate Abilities, Weirdness & Mutations

You are small and have problems with some larger weapons.
You are somewhat resistant to further mutation.


Message History

The gnoll closely misses you.
The gnoll hits you from afar with a spear.
* * * LOW HITPOINT WARNING * * *
The gnoll shaman barely misses you.
You barely miss the gnoll shaman.
The gnoll shaman is severely wounded.
The gnoll hits you but does no damage. The gnoll shaman misses you.
The gnoll hits you but does no damage.
You hit the gnoll shaman.
You kill the gnoll shaman!
The gnoll hits you but does no damage.
The gnoll is no longer moving quickly.
The gnoll closely misses you. The gnoll misses you.
Items here: ( )) [ † a club; a leather armour; a giant club; 4 sling bullets; an ogre corpse The gnoll barely misses you.
Things that are here:
3 sling bullets; a spear; a gnoll corpse The gnoll hits you with a spear!
You die...

*,,,,,,* *,* #......
**+******###***,##* #......
**,,.** #..,,,..,* #.#.##.
**,,,..** #.###*.#,# #.#.##.
**,,,,...**##.#.##.#.# #.#.##.
*,,,,,,...##(......).#*####......
+,........'..........,,.......[..
*........,*#...g.###.#**####...##
**.......**#..)(@(..(# #....#
#.,.....#* #†#.#(.##.# #....#
#.*#....# #.#.##.#*,* #.####
#.##.##.####.#..,...,* #.#
.........#...####.##.* #.#
...........#.......,,# #.#
..⌠...⌠..########.#*** #.#
(........### *.# #.#####
....>......# *,* #...†..


You could see a gnoll.

Vanquished Creatures
  Menkaure (D:4)
  2 ogres (D:5)
  A centaur (D:4)
  A crimson imp (D:5)
  An orc priest (D:5)
  4 orc wizards
  A gnoll shaman (D:5)
  A centaur skeleton (D:5)
  An iguana (D:4)
  Terence (D:2)
  A worker ant (D:5)
  A worker ant zombie (D:5)
  2 gnolls (D:5)
  8 adders
  3 oozes
  A worm (D:4)
  2 dart slugs
  3 leopard geckos (D:3)
  15 orcs
  7 bats
  3 giant cockroaches
  7 goblins
  14 hobgoblins
  6 jackals
  5 quokkas
  6 frilled lizards
  10 kobolds
  2 leopard gecko skeletons
  A quokka zombie (D:5)
  8 rats
119 creatures vanquished.

Notes
Turn   | Place    | Note
-------+----------+-------------------------------------------
     0 | D:1      | poirepourri the Halfling Hunter began the quest for the Orb.
     0 | D:1      | Reached XP level 1. HP: 14/14 MP: 1/1
    55 | D:1      | Reached skill level 6 in Slings
   102 | D:1      | Reached XP level 2. HP: 19/19 MP: 2/2
   155 | D:1      | Reached skill level 7 in Slings
   155 | D:1      | Reached XP level 3. HP: 24/24 MP: 3/3
   997 | D:2      | Reached XP level 4. HP: 29/29 MP: 4/4
  1023 | D:2      | Reached skill level 8 in Slings
  1108 | D:2      | Found a hide-covered altar of Uskayaw.
  1108 | D:2      | Noticed a dagger
  1108 | D:2      | Noticed a hand axe
  1377 | D:2      | Noticed Terence
  1385 | D:2      | Killed Terence
  1385 | D:2      | Reached XP level 5. HP: 30/34 MP: 5/5
  1738 | D:3      | Reached skill level 9 in Slings
  1767 | D:3      | Found a hazy altar of Hepliaklqana.
  1771 | D:3      | Found a sparkling altar of Nemelex Xobeh.
  1771 | D:3      | Found a blossoming altar of Fedhas.
  1778 | D:3      | Found an iron altar of Okawaru.
  2637 | D:3      | Found a deep blue altar of Sif Muna.
  2649 | D:3      | Reached XP level 6. HP: 39/39 MP: 6/6
  2669 | D:3      | Reached skill level 10 in Slings
  2921 | D:4      | Noticed Menkaure
  2925 | D:4      | Killed Menkaure
  2925 | D:4      | Reached skill level 11 in Slings
  2925 | D:4      | Reached XP level 7. HP: 44/44 MP: 7/7
  3069 | D:4      | Found a runed door.
  3110 | D:4      | Noticed Daviar's ghost (amateur HaFi)
  3445 | D:5      | Entered Level 5 of the Dungeon
  3499 | D:5      | Reached skill level 12 in Slings
  3936 | D:5      | Reached XP level 8. HP: 40/49 MP: 8/8
  4068 | D:5      | Found a staircase to the Ecumenical Temple.
  4088 | Temple   | Entered the Ecumenical Temple
  4232 | D:5      | Reached skill level 13 in Slings
  4267 | D:5      | Slain by a gnoll

Vault maps used:
D:1:      minmay_arrival_glassed_features, kennysheep_small_spiral,
          minmay_misc_feat_more_columns
D:2:      dancing_weapons_uskayaw, kennysheep_flooded_box, uniq_terence
D:3:      chequers_temple_overflow_statue_of_worship, led_sif_book
D:4:      ebering_ghost_reflecting_pool, uniq_menkaure
D:5:      minmay_temple_entry_large_hall, first_ration, serial_bayou_pond_c
Temple:   regret_index_temple_waves

Skill      XL: |  1  2  3  4  5  6  7  8 |
---------------+-------------------------+-----
Slings         | 6 7 8 9 11 12 13 | 13.4
Fighting       | |  1.7
Dodging        | |  2.1
Stealth        | |  1.1

Action                   |  1- 3 |  4- 6 |  7- 9 || total
-------------------------+-------+-------+-------++-------
Melee: Short sword       |     6 |     1 |    28 ||    35
       Hunting sling     |       |       |     3 ||     3
 Fire: Hunting sling     |    88 |   179 |    97 ||   364
  Use: Scroll            |     2 |       |    10 ||    12
 Stab: Sleeping          |     1 |       |       ||     1
  Eat: Ration            |       |     2 |     1 ||     3
       Chunk             |       |       |     2 ||     2
Armor: Leather armour    |     5 |     3 |    30 ||    38
Dodge: Dodged            |    14 |    13 |    38 ||    65

Table legend:
 A = Spawn XP
 B = Non-spawn XP
 C = Spawn XP percentage of total XP
 D = Spawn monster count
 E = Non-spawn monster count
 F = Spawn count percentage of total count
 G = Total turns spent on level
                    A         B        C        D         E        F      G
               +---------+---------+-------+---------+---------+-------+---------
         Total |       0 |    1293 |   0.0 |       0 |     119 |   0.0 |  4267
               +---------+---------+-------+---------+---------+-------+---------
           D:1 |       0 |      56 |   0.0 |       0 |      30 |   0.0 |   789
           D:2 |       0 |      85 |   0.0 |       0 |      21 |   0.0 |   809
           D:3 |       0 |     198 |   0.0 |       0 |      36 |   0.0 |  1222
           D:4 |       0 |     343 |   0.0 |       0 |      10 |   0.0 |   625
           D:5 |       0 |     611 |   0.0 |       0 |      22 |   0.0 |   703
               +---------+---------+-------+---------+---------+-------+---------
